 Dungeon Crawl Stone Soup version 0.29.1-1-gd02db6906a (webtiles) character file.

Game seed: 16477390313030076630

1717 raph the Destroyer (level 8, -2/45 HPs)
             Began as a Deep Elf Conjurer on Oct 12, 2022.
             Slain by Duvessa
             ... wielding a +0 short sword
              (14 damage)
             ... on level 5 of the Dungeon.
             The game lasted 00:10:01 (6621 turns).

raph the Destroyer (Deep Elf Conjurer)              Turns: 6621, Time: 00:10:01

Health: -2/45      AC:  5    Str:  4    XL:     8   Next: 74%
Magic:  0/19       EV: 14    Int: 26    God:
Gold:   304        SH:  0    Dex: 13    Spells: 2/20 levels left

rFire   . . .      SeeInvis .   l - +1 dagger (venom)
rCold   . . .      Faith    .   (no shield)
rNeg    . . .      Spirit   .   a - +0 robe
rPois   .          Reflect  .   e - +1 helmet
rElec   .          Harm     .   (no cloak)
rCorr   .          Rampage  .   f - +0 pair of gloves
Will    .....                   (no boots)
Stlth   ++........              (no amulet)
HPRegen 0.15/turn               (no ring)
MPRegen 0.16/turn               (no ring)

@: no status effects
A: no striking features
a: no special abilities


You were on level 5 of the Dungeon.
You visited 1 branch of the dungeon, and saw 5 of its levels.

You collected 304 gold pieces.

Inventory:

Hand Weapons
 d - a +0 short sword
 l - a +1 dagger of venom (weapon)
 p - a +0 scimitar
 q - a +3 dagger
 t - a +0 rapier
Armour
 a - a +0 robe (worn)
 e - a +1 helmet (worn)
 f - a +0 pair of gloves (worn)
Jewellery
 r - a ring of protection from cold
Wands
 c - a wand of flame (6)
 n - a wand of polymorph (6)
Scrolls
 s - a scroll of poison {unknown}
Potions
 b - a potion of magic
 g - 3 potions of curing
 h - 3 potions of haste
 i - 2 potions of flight {unknown}
 j - a potion of berserk rage {unknown}
 k - a potion of attraction {unknown}
 m - 3 potions of brilliance
 o - a potion of mutation {unknown}


   Skills:
 + Level 2.7 Fighting
 + Level 5.8 Dodging
 - Level 4.1 Stealth
 + Level 6.5 Spellcasting
 * Level 8.3 Conjurations
 * Level 6.2 Hexes


You had 2 spell levels left.
You knew the following spells:

 Your Spells              Type           Power      Damage    Failure   Level
a - Magic Dart            Conj           100%       1d8       1%          1
b - Searing Ray           Conj           100%       2d8       1%          2
c - Dazzling Flash        Conj/Hex       92%        N/A       1%          3
d - Fulminant Prism       Conj/Hex       23%        3d13      3%          4
e - Iskenderun's Mystic   Conj/Tloc      30%        2d8       12%         4
f - Cause Fear            Hex            20%        N/A       4%          4

Your spell library contained the following spells:

 Spells                   Type           Power      Damage    Failure   Level
 Beastly Appendage        Tmut           16%        N/A       7%          1
 Necrotise                Necr           32%        1d5       7%          1
 Wereblood                Tmut           8%         N/A       10%         2
 Inner Flame              Hex/Fire       24%        N/A       5%          3
 Spider Form              Tmut/Pois      8%         N/A       21%         3
 Vampiric Draining        Necr           8%         2d6       21%         3
 Agony                    Necr           8%         N/A       88%         5
 Discord                  Hex            20%        N/A       100%        8


Dungeon Overview and Level Annotations

Branches:
Dungeon (5/15)
 Temple: D:4-7

Altars:

Annotations:
D:5 Duvessa


Message History

The searing ray hits Duvessa!
Duvessa is moderately wounded.
Duvessa hits you with a +0 short sword. Duvessa misses you.
The searing ray hits Duvessa.
Duvessa is heavily wounded.
Duvessa closely misses you.
The searing ray hits Duvessa but does no damage.
Duvessa is heavily wounded.
You finish channelling your searing ray.
Duvessa hits you with a +0 short sword! x2
* * * LOW HITPOINT WARNING * * *
Casting: Searing Ray (safe; 1% risk of failure)
Confirm with . or Enter, or press ? or * to list all spells.
You erupt in a blast of force!
The mystic blast hits Duvessa!
Duvessa is heavily wounded.
Duvessa is knocked back by the mystic blast.
Casting: Iskenderun's Mystic Blast (quite dangerous; 12% risk of failure)
Confirm with . or Enter, or press ? or * to list all spells.
You erupt in a blast of force!
The mystic blast hits Duvessa but does no damage.
Duvessa is heavily wounded.
Duvessa hits you with a +0 short sword.
* * * LOW HITPOINT WARNING * * *
Casting: Iskenderun's Mystic Blast (quite dangerous; 12% risk of failure)
Confirm with . or Enter, or press ? or * to list all spells.
You erupt in a blast of force!
The mystic blast hits Duvessa!
Duvessa is severely wounded.
Duvessa is knocked back by the mystic blast.
Casting: Iskenderun's Mystic Blast (quite dangerous; 12% risk of failure)
Confirm with . or Enter, or press ? or * to list all spells.
Aiming: Searing Ray (safe; 1% risk of failure)
Press: ? - help, Shift-Dir - straight line, f/p - Duvessa
Aim: Duvessa, wielding a +0 short sword and wearing a +0 chain mail (severely wounded, berserk, 90% to hit)
The searing ray hits Duvessa.
Duvessa is severely wounded. (Press . to maintain the ray.)
The searing ray hits Duvessa.
Duvessa is severely wounded.
Duvessa hits you with a +0 short sword!
You die...

#. #.
###############
#.
#.............#
##
##.##########.#
#.# #......#.#
#.# #......#.#
#.###..$...#.#
#.@e......<#.#
#####......#.#
#......#.#
#......#.#
########.# #.#
#.######
#.#.....
#.#.####


You could see Duvessa (berserk).

Vanquished Creatures
  Grinder (D:3)
  Sigmund (D:2)
  Eustachio (D:5)
  Edmund (D:5)
  3 black bears
  An ogre (D:5)
  A phantom (D:5)
  Blork the orc (D:4)
  A necrophage (D:5)
  A scorpion (D:3)
  Dowan (D:5)
  2 hounds (D:5)
  2 orc priests
  A jelly (D:4)
  Jessica (D:2)
  2 iguanas (D:5)
  Ijyb (D:3)
  3 orc wizards
  Robin (D:3)
  5 adders
  An ufetubus (D:4)
  2 worms
  2 dart slugs
  10 orcs
  3 bats
  5 endoplasms (D:3)
  2 giant cockroaches (D:4)
  15 goblins
  9 hobgoblins
  2 jackals (D:2)
  5 quokkas
  7 ball pythons
  2 frilled lizards (D:2)
  8 kobolds
  4 rats
108 creatures vanquished.

Vanquished Creatures (others)
  14 fulminant prisms
14 creatures vanquished.

Grand Total: 122 creatures vanquished

Notes
Turn   | Place    | Note
-------+----------+-------------------------------------------
     0 | D:1      | raph the Deep Elf Conjurer began the quest for the Orb.
     0 | D:1      | Reached XP level 1. HP: 10/10 MP: 6/6
    39 | D:1      | Found a faded altar of an unknown god.
   437 | D:1      | Reached XP level 2. HP: 13/15 MP: 5/8
   442 | D:1      | Learned a level 2 spell: Searing Ray
  1225 | D:2      | Noticed Jessica
  1228 | D:2      | Killed Jessica
  1229 | D:2      | Reached skill level 5 in Conjurations
  1229 | D:2      | Reached XP level 3. HP: 19/19 MP: 3/10
  1235 | D:2      | Learned a level 3 spell: Dazzling Flash
  1809 | D:2      | Noticed Sigmund
  1828 | D:2      | Killed Sigmund
  1829 | D:2      | Reached XP level 4. HP: 19/24 MP: 3/12
  1829 | D:2      | Reached XP level 5. HP: 22/28 MP: 3/13
  2403 | D:3      | Reached skill level 6 in Conjurations
  2535 | D:3      | Reached XP level 6. HP: 27/33 MP: 4/15
  2616 | D:2      | Learned a level 4 spell: Fulminant Prism
  2733 | D:3      | Noticed Robin
  2744 | D:3      | Killed Robin
  2907 | D:3      | Noticed Grinder
  2915 | D:3      | Killed Grinder
  2916 | D:3      | Reached skill level 1 in Fighting
  2916 | D:3      | Reached skill level 5 in Spellcasting
  3057 | D:3      | Reached XP level 7. HP: 38/38 MP: 11/16
  3157 | D:3      | Noticed Ijyb
  3303 | D:3      | Killed Ijyb
  3517 | D:3      | Learned a level 4 spell: Iskenderun's Mystic Blast
  4190 | D:4      | Reached skill level 7 in Conjurations
  4496 | D:4      | Noticed Blork the orc
  4518 | D:4      | Killed Blork the orc
  4863 | D:4      | Reached skill level 5 in Dodging
  5451 | D:5      | Entered Level 5 of the Dungeon
  5464 | D:5      | Noticed Edmund
  5495 | D:5      | Reached XP level 8. HP: 8/44 MP: 0/18
  5555 | D:5      | Noticed Duvessa
  5560 | D:5      | Noticed Dowan
  5567 | D:5      | HP: 2/44 [Duvessa/+0 short sword (8)]
  5890 | D:5      | Learned a level 4 spell: Cause Fear
  6009 | D:5      | Reached skill level 5 in Hexes
  6149 | D:5      | Killed Edmund
  6150 | D:5      | Reached skill level 8 in Conjurations
  6297 | D:5      | Noticed Eustachio
  6300 | D:5      | Killed Eustachio
  6560 | D:5      | Killed Dowan
  6621 | D:5      | Slain by Duvessa

Illustrated notes

Levels and vault maps discovered:
D:1:      minmay_arrival_radiant_lines, layout_basic,
          shapermc_ecumenical_altar_pompeii
D:2:      layout_basic, uniq_jessica, uniq_sigmund
D:3:      layout_rooms, serial_park_tiny_2, kennysheep_crisscross, uniq_ijyb,
          uniq_grinder, uniq_robin
D:4:      layout_loops_ring, minmay_puff, uniq_blork_the_orc
D:5:      layout_basic, uniq_edmund, uniq_eustachio, uniq_duvessa

Skill      XL: |  1  2  3  4  5  6  7  8 |
---------------+-------------------------+-----
Dodging        | 3 4 5 |  5.8
Stealth        | 3 4 |  4.1
Conjurations   | 5 6 7 8 |  8.3
Spellcasting   | 4 5 6 |  6.5
Fighting       | 1 2 |  2.7
Hexes          | 2 4 6 |  6.2

Action                   |  1- 3 |  4- 6 |  7- 9 || total
-------------------------+-------+-------+-------++-------
Melee: Short sword       |     3 |       |       ||     3
       Dagger            |       |     2 |       ||     2
 Cast: Magic Dart        |    20 |    26 |    17 ||    63
       Searing Ray       |    15 |    17 |    39 ||    71
       Fulminant Prism   |       |       |    14 ||    14
       Iskenderun's Myst |       |       |     3 ||     3
  Use: Scroll            |     3 |     1 |     9 ||    13
       Potion            |       |       |     1 ||     1
Armor: Robe              |     1 |     2 |     4 ||     7
       Skin              |       |       |     3 ||     3
Dodge: Dodged            |     6 |     4 |    29 ||    39
